 Dungeon Crawl Stone Soup version 0.28-a0-1510-gd0f6b136d3 (webtiles) character file.

Game seed: 8647717473982880128

525 croobank the Skirmisher (level 7, -6/49 HPs)
             Began as an Octopode Cinder Acolyte on Jan 15, 2022.
             Was a High Priest of Ignis.
             Mangled by an ogre (12 damage)
             ... on level 5 of the Dungeon.
             The game lasted 00:13:31 (4821 turns).

croobank the Skirmisher (Octopode Cinder Acolyte)   Turns: 4821, Time: 00:13:32

Health: -6/49      AC:  8    Str: 13    XL:     7   Next: 23%
Magic:  14/21      EV: 16    Int: 19    God:    Ignis [*****.]
Gold:   148        SH:  0    Dex:  7    Spells: 9/12 levels left

rFire   + + .      SeeInvis .   p - staff of fire
rCold   . . .      Faith    .   (no shield)
rNeg    . . .      Spirit   .   (helmet restricted)
rPois   .          Reflect  .   (no amulet)
rElec   .          Harm     .   m - ring "Feaplodgh" {Will+ MP+9}
rCorr   .          Rampage  .   j - +4 ring of evasion
Will    +....                   (no ring)
Stlth   ++........              (no ring)
HPRegen 0.16/turn               (no ring)
MPRegen 0.17/turn               (no ring)
                                (no ring)
                                (no ring)

@: attractive, fiery-armoured, very slightly contaminated
A: almost no armour, amphibious, 8 rings, camouflage 1, gelatinous body 1,
(nimble swimmer 1), tentacles
a: Renounce Religion, Fiery Armour, Foxfire Swarm, Rising Flame


You were on level 5 of the Dungeon.
You worshipped Ignis.
Ignis was extremely pleased with you.
You visited 1 branch of the dungeon, and saw 5 of its levels.

You collected 148 gold pieces.

Inventory:

Hand Weapons
 a - a -1 hand axe of flaming
 g - a +1 vorpal spear
 x - a +0 scythe
 y - a +0 shortbow
Missiles
 d - 4 javelins (quivered)
 e - 90 stones
 l - 15 arrows
 n - 4 boomerangs of dispersal
 r - 30 bolts
 t - 2 throwing nets
 v - 14 sling bullets
Armour
 q - a +0 kite shield
Magical Staves
 p - a staff of fire (weapon)
Jewellery
 j - a +4 ring of evasion (right tentacle)
 m - the ring "Feaplodgh" (left tentacle) {Will+ MP+9}
   (You found it on level 2 of the Dungeon)

   [ring of magical power]

   MP:        It affects your magic capacity (+9).
   Will:      It increases your willpower.
Wands
 s - a wand of flame (18)
Scrolls
 h - a scroll of amnesia {unknown}
 i - a scroll of noise {unknown}
 k - a scroll of enchant armour {unknown}
 u - a scroll of torment {unknown}
 w - a scroll of fog {unknown}
 C - a scroll of fear {unknown}
Potions
 b - 2 potions of flight
 z - a potion of haste {unknown}
 A - a potion of ambrosia {unknown}
 B - a potion of heal wounds {unknown}


   Skills:
 + Level 4.7 Fighting
 - Level 3.3 Axes
 + Level 3.0 Staves
 + Level 3.3 Spellcasting
 + Level 4.7 Fire Magic


You had 9 spell levels left.
You knew the following spells:

 Your Spells              Type           Power      Damage    Failure   Level
a - Scorch                Fire           62%        2d8       3%          2
b - Foxfire               Conj/Fire      72%        2x1d7     5%          1

Your spell library contained the following spells:

 Spells                   Type           Power      Damage    Failure   Level
 Conjure Flame            Conj/Fire      18%        6-21      17%         3
 Inner Flame              Hex/Fire       18%        N/A       17%         3
 Flame Wave               Conj/Fire      18%        2d5       50%         4
 Manifold Assault         Tloc           3%         N/A       99%         5
 Summon Forest            Summ/Tloc      1%         N/A       99%         5
 Statue Form              Tmut/Erth      2%         N/A       100%        6


Dungeon Overview and Level Annotations

Branches:
Dungeon (5/15)
 Temple: D:4-7

Altars:

Shops:
D:1 [


Innate Abilities, Weirdness & Mutations

You cannot wear most types of armour.
You are amphibious.
You can wear up to eight rings at the same time.
Your skin changes colour to match your surroundings (Stealth+).
Your rubbery body absorbs attacks. (AC +1, EV +1)
((You are camouflaged when in or above water. (Stealth+)))
You have tentacles for arms and can constrict up to eight enemies at once.


Message History

You drop a scroll of vulnerability.
Found an escape hatch in the ceiling.
A hound skeleton comes into view.
Found a scale mail.
An ogre comes into view. It is wielding a +0 giant club.
Found a scroll of identify and 19 gold pieces.
The ogre shouts!
There are no items here.
Casting: Scorch (safe; 3% risk of failure)
Confirm with . or Enter, or press ? or * to list all spells.
You feel a surge of power!
Flames lash the ogre.
The ogre is moderately wounded.
The ogre's fire resistance burns away.
Casting: Scorch (safe; 3% risk of failure)
Confirm with . or Enter, or press ? or * to list all spells.
You feel a surge of power!
Flames lash the hound skeleton.
The hound skeleton is moderately damaged.
The hound skeleton's fire resistance burns away.
The hound skeleton misses you. The ogre hits you with a +0 giant club!
The hound skeleton misses you.
Casting: Scorch (safe; 3% risk of failure)
Confirm with . or Enter, or press ? or * to list all spells.
You feel a surge of power!
Flames lash the hound skeleton.
The hound skeleton is burned terribly!
You destroy the hound skeleton!
Casting: Scorch (safe; 3% risk of failure)
Confirm with . or Enter, or press ? or * to list all spells.
You feel a surge of power!
You miscast Scorch.
You are very lightly contaminated with residual magic.
Nothing appears to happen.
The ogre hits you with a +0 giant club!!
Ouch! That really hurt!
* * * LOW HITPOINT WARNING * * *
The ogre is no longer more vulnerable to fire.
A protective cloak of flame settles atop you.
The ogre misses you.
It was a potion of attraction.
You feel attractive to monsters. The ogre hits you with a +0 giant club!
You die...

##.......##..... ..
#.#..#...#...##
..###.#.##.......###
........#...###......
...........## ......
.......?.##### .....#
...........#.##.#...#
........##..........#
.......@O....(......#
..####+###.[.......^#
. #..?8#..........
...#...#..........
#....#......<..#
#$#.#.+.........# #.
[#.##.........# . .#
. #.........# .# .
#..........


You could see an ogre.

Vanquished Creatures
  A necrophage (D:3)
  A phantom (D:3)
  A scorpion (D:4)
  2 water moccasin skeletons (D:4)
  An orc wizard (D:3)
  A hound skeleton (D:5)
  8 gnolls (D:3)
  2 adders (D:4)
  3 dart slugs
  2 orcs (D:3)
  9 ball pythons
  8 endoplasms
  3 giant cockroaches
  11 hobgoblins
  2 kobolds
  A quokka (D:2)
  5 bats
  5 frilled lizards
  9 goblins
  3 rats
78 creatures vanquished.

Notes
Turn   | Place    | Note
-------+----------+-------------------------------------------
     0 | D:1      | croobank the Octopode Cinder Acolyte began the quest for
                  | the Orb.
     0 | D:1      | Reached XP level 1. HP: 16/16 MP: 2/2
    94 | D:1      | Found Fuehesifib's Armour Boutique.
   380 | D:1      | Reached XP level 2. HP: 21/21 MP: 3/3
   437 | D:1      | Learned a level 2 spell: Scorch
  1199 | D:1      | Reached XP level 3. HP: 24/26 MP: 5/5
  1256 | D:1      | Learned a level 1 spell: Foxfire
  1706 | D:2      | Identified the ring "Feaplodgh" {Will+ MP+9}
  1928 | D:2      | Found a faded altar of an unknown god.
  2746 | D:3      | Got the Papyrus of Dusty Displacement
  2835 | D:3      | Noticed a phantom
  2844 | D:3      | Killed a phantom
  2845 | D:3      | Reached skill level 1 in Staves
  2845 | D:3      | Reached XP level 4. HP: 21/33 MP: 5/7
  2845 | D:3      | Reached XP level 5. HP: 24/37 MP: 5/8
  3105 | D:3      | Noticed a necrophage
  3110 | D:3      | Killed a necrophage
  3111 | D:3      | Reached XP level 6. HP: 37/43 MP: 10/10
  4259 | D:4      | Reached XP level 7. HP: 49/49 MP: 11/11
  4780 | D:5      | Entered Level 5 of the Dungeon
  4821 | D:5      | Mangled by an ogre

Illustrated notes

Levels and vault maps discovered:
D:1:      psy_arrival_fountain, layout_loops_corners, serial_shops,
          nicolae_shop_hallway_plus, st_stairs_12, nrook_campfire,
          roderic_nine_men_s_morris, minmay_misc_feat_columns, minivault_4
D:2:      layout_basic, hellmonk_ecumenical_altar_zigzags, dk_noncrumbling_2,
          nicolae_concentric_dashed_squares_mild, kennysheep_flooded_box
D:3:      cheibrodos_greedy_goblins, layout_basic
D:4:      layout_gridville
D:5:      layout_cave_pools, minivault_1, kennysheep_small_square

Skill      XL: |  1  2  3  4  5  6  7 |
---------------+----------------------+-----
Staves         | 1 2 3 |  3.0
Spellcasting   | 2 3 |  3.3
Fighting       | 4 |  4.7
Fire Magic     | 4 |  4.7
Axes           | |  3.3

Action                   |  1- 3 |  4- 6 |  7- 9 || total
-------------------------+-------+-------+-------++-------
Melee: Hand axe          |    38 |       |       ||    38
       Constrict         |    13 |     8 |       ||    21
       Tentacles         |     9 |     2 |       ||    11
       Staff             |    19 |    24 |       ||    43
       Punch             |       |     1 |       ||     1
Throw: Javelin           |     2 |       |       ||     2
 Cast: Scorch            |    16 |    40 |    11 ||    67
Invok: Fiery Armour      |       |       |     1 ||     1
  Use: Scroll            |     1 |       |     2 ||     3
       Potion            |       |       |     1 ||     1
 Stab: Sleeping          |     5 |       |       ||     5
Armor: Skin              |     6 |     3 |       ||     9
Dodge: Dodged            |    52 |    38 |     5 ||    95

Table legend: (Time is in decaauts)
 A = Elapsed time spent in this place.
 B = Non-inter-level travel time spent in this place.
 C = Inter-level travel time spent in this place.
 D = Time resting spent in this place.
 E = Time spent auto-exploring this place.
 F = Levels seen in this place.
 G = Mean time per level.
                   A        B        C        D        E       F      G
               +--------+--------+--------+--------+--------+-----+--------+
         Total |   4831 |   4654 |    177 |     65 |   3869 |   5 |  966.2 |
       Dungeon |   4831 |   4654 |    177 |     65 |   3869 |   5 |  966.2 |
               +--------+--------+--------+--------+--------+-----+--------+

Top non-repeatable levels by time:
     D:1: 1415 daAuts
     D:3: 1273 daAuts
     D:2: 1208 daAuts
     D:4: 893 daAuts
     D:5: 40 daAuts
